 Dungeon Crawl Stone Soup version 0.28.0 (webtiles) character file.

Game seed: 15526268483197482013

689 styxcanada the Covered (level 7, -7/61 HPs)
             Began as a Minotaur Fighter on Feb 7, 2022.
             Mangled by a small abomination (14 damage)
             ... on level 4 of the Dungeon.
             The game lasted 00:10:12 (4558 turns).

styxcanada the Covered (Minotaur Fighter)           Turns: 4558, Time: 00:10:13

Health: -7/61      AC: 10    Str: 23      XL:     7   Next: 36%
Magic:  6/6        EV: 10    Int:  5      God:
Gold:   159        SH:  4    Dex:  8 (9)  Spells: 6/6 levels left

rFire   . . .      SeeInvis .   a - +0 war axe
rCold   + . .      Faith    .   c - +0 buckler
rNeg    . . .      Spirit   .   k - +3 scale mail {rC+}
rPois   .          Reflect  .   (helmet restricted)
rElec   .          Harm     .   (no cloak)
rCorr   .          Rampage  .   (no gloves)
Will    .....                   (no boots)
Stlth   ..........              (no amulet)
HPRegen 0.20/turn               (no ring)
MPRegen 0.10/turn               (no ring)

@: no status effects
A: horns 2, retaliatory headbutt
a: no special abilities


You were on level 4 of the Dungeon.
You visited 1 branch of the dungeon, and saw 4 of its levels.

You collected 159 gold pieces.

Inventory:

Hand Weapons
 a - a +0 war axe (weapon)
 j - a +0 short sword of distortion
 o - a +2 dagger of venom
Missiles
 b - 136 stones
 e - 4 boomerangs (quivered)
 g - 56 sling bullets
Armour
 c - a +0 buckler (worn)
 k - a +3 scale mail of cold resistance (worn)
Jewellery
 l - an amulet of magic regeneration
Wands
 p - a wand of acid (12)
Scrolls
 f - a scroll of fear {unknown}
 h - a scroll of enchant armour {unknown}
 i - 2 scrolls of holy word {unknown}
 m - a scroll of teleportation
 n - a scroll of summoning {unknown}
 q - a scroll of fog {unknown}
 r - a scroll of silence {unknown}
Potions
 d - a potion of mutation {unknown}


   Skills:
 * Level 5.4 Fighting
 + Level 5.3 Axes
 * Level 6.6 Armour
 + Level 1.7 Dodging
 + Level 4.6 Shields
 * Level 2.1 Evocations


You had 6 spell levels left.
You didn't know any spells.
Your spell library contained the following spells:

 Spells                   Type           Power      Damage    Failure   Level
 Magic Dart               Conj           0%         1d3       85%         1
 Call Imp                 Summ           0%         N/A       94%         2
 Ensorcelled Hibernation  Hex/Ice        0%         N/A       94%         2
 Confusing Touch          Hex            0%         N/A       99%         3
 Gell's Gravitas          Tloc           0%         N/A       99%         3
 Lesser Beckoning         Tloc           0%         N/A       99%         3
 Mephitic Cloud           Conj/Pois/Air  0%         N/A       99%         3
 Spider Form              Tmut/Pois      0%         N/A       99%         3
 Teleport Other           Tloc           0%         N/A       99%         3
 Anguish                  Hex/Necr       0%         N/A       100%        4
 Yara's Violent Unravell  Hex/Tmut       0%         3d3       100%        5
 Enfeeble                 Hex            0%         N/A       100%        7


Dungeon Overview and Level Annotations

Branches:
Dungeon (4/15)
 Temple: D:4-7

Altars:
Vehumet
Yredelemnul

Portals:
Abyss: D:4

Annotations:
D:4 1 transporter


Innate Abilities, Weirdness & Mutations

You have a pair of horns on your head.
You reflexively headbutt those who attack you in melee.


Message History

The quasit bites you but does no damage.
The quasit barely misses you. The quasit closely misses you.
Your Evocations skill increases to level 2!
You closely miss the quasit. Your headbutt misses the quasit.
The quasit is lightly wounded.
The quasit bites you but does no damage.
You block the quasit's attack. The quasit claws you.
The quasit closely misses you.
The quasit claws you but does no damage.
The quasit closely misses you.
You closely miss the quasit.
The quasit is lightly wounded.
The quasit bites you.
You feel clumsy.
The quasit claws you but does no damage. x2
You miss the quasit. Your headbutt misses the quasit.
The quasit is lightly wounded.
The quasit bites you but does no damage.
The quasit claws you but does no damage.
The quasit misses you. The quasit barely misses you. You furiously retaliate!
You headbutt the quasit! The quasit barely misses you.
The quasit claws you but does no damage.
You closely miss the quasit.
The quasit is severely wounded.
The quasit closely misses you. You furiously retaliate!
You headbutt the quasit!
You kill the quasit!
There is a one-way gate to the infinite horrors of the Abyss here.
Things that are here:
a +0 short sword of distortion; a kobold corpse
j - a +0 short sword of distortion A shadow imp comes into view.
Found 3 scrolls of teleportation.
The shadow imp shouts!
The small abomination hits you!
* * * LOW HITPOINT WARNING * * *
You hit the small abomination.
The small abomination is lightly damaged.
The small abomination hits you!
You die...

...####.#.####.##........###..###
####.##.............)............
#.#..............................
#............###....####.........
#...........##†##..##..####......
...........©#.#.##.#......#©.....
............##...###..#####......
........##...#.∩#.©..#####.......
.....##......###@##.##...........
....##.........#x#..#............
#..............#.5.##..###.......
..............##..!#..##.##.....<
......)......##.##.##.#...##.....
.............#.###..#####.##.÷...
.#......#...##....##. #.##......
.##.....#...#©...##.?. #5#.......
####........#.###..# #.#.......


You could see a small abomination and a shadow imp.

Vanquished Creatures
  A necrophage (D:4)
  An ogre (D:4)
  A kobold brigand (D:4)
  A scorpion (D:4)
  The ghost of willcat the Sneak, a weakling OpDe (D:4)
  A quasit (D:4)
  A bullfrog skeleton (D:4)
  A gnoll shaman (D:4)
  2 iguanas (D:4)
  Jessica (D:2)
  Terence (D:2)
  An orc wizard (D:4)
  4 gnolls (D:4)
  2 adders
  An ufetubus (D:4)
  A worm (D:2)
  2 dart slugs
  12 orcs
  A bat (D:2)
  3 endoplasms
  A giant cockroach (D:2)
  6 goblins
  4 hobgoblins
  5 jackals
  A quokka (D:2)
  5 ball pythons
  3 frilled lizards
  2 kobolds
  9 rats
75 creatures vanquished.

Notes
Turn   | Place    | Note
-------+----------+-------------------------------------------
     0 | D:1      | styxcanada the Minotaur Fighter began the quest for the
                  | Orb.
     0 | D:1      | Reached XP level 1. HP: 19/19 MP: 0/0
   131 | D:1      | Reached XP level 2. HP: 24/27 MP: 1/1
   755 | D:1      | Found a faded altar of an unknown god.
   755 | D:1      | Noticed a Brimstone Fiend
  1091 | D:2      | Reached skill level 4 in Armour
  1150 | D:2      | Noticed Jessica
  1154 | D:2      | Killed Jessica
  1155 | D:2      | Reached XP level 3. HP: 26/33 MP: 2/2
  1497 | D:2      | Noticed Terence
  1503 | D:2      | Killed Terence
  1504 | D:2      | Reached XP level 4. HP: 10/41 MP: 3/3
  2378 | D:3      | Found a radiant altar of Vehumet.
  2641 | D:3      | Found a basalt altar of Yredelemnul.
  2831 | D:3      | Reached skill level 1 in Dodging
  3143 | D:4      | Reached skill level 5 in Armour
  3143 | D:4      | Reached XP level 5. HP: 47/47 MP: 4/4
  3312 | D:4      | Reached skill level 1 in Evocations
  3334 | D:4      | Noticed an ogre
  3341 | D:4      | Killed an ogre
  3342 | D:4      | Reached skill level 5 in Fighting
  3342 | D:4      | Reached XP level 6. HP: 35/56 MP: 5/5
  3505 | D:4      | Found a transporter.
  3517 | D:4      | Found a transporter.
  3836 | D:4      | Found a one-way gate to the infinite horrors of the Abyss.
  3836 | D:4      | Noticed willcat's ghost (weakling OpDe)
  3911 | D:4      | Reached skill level 6 in Armour
  3915 | D:4      | Reached XP level 7. HP: 37/61 MP: 6/6
  4107 | D:4      | Reached skill level 5 in Axes
  4542 | D:4      | Killed willcat's ghost
  4558 | D:4      | Mangled by a small abomination

Illustrated notes

Levels and vault maps discovered:
D:1:      minmay_arrival_four_houses, layout_basic,
          dreamdust_ecumenical_altar_sealed_demon, minivault_23,
          minmay_statues_item, bh_walls_and_bars
D:2:      layout_loops_corners, uniq_jessica, uniq_terence
D:3:      layout_loops_corners, lemuel_coloured_pillars_altar,
          mainiacjoe_overflow_small_starburst
D:4:      layout_cave_pools, gammafunk_ghost_abyssal_escape

Skill      XL: |  1  2  3  4  5  6  7 |
---------------+----------------------+-----
Fighting       | 4 5 |  5.4
Shields        | 4 |  4.6
Armour         | 4 5 6 |  6.6
Axes           | 3 4 5 |  5.3
Dodging        | 1 |  1.7
Evocations     | 1 2 |  2.1

Action                   |  1- 3 |  4- 6 |  7- 9 || total
-------------------------+-------+-------+-------++-------
Melee: War axe           |    55 |    96 |    20 ||   171
       Headbutt          |     5 |     9 |     2 ||    16
Throw: Boomerang         |     1 |       |       ||     1
  Use: Potion            |       |     1 |     1 ||     2
       Scroll            |       |       |     1 ||     1
Armor: Scale mail        |    16 |    48 |    22 ||    86
Dodge: Dodged            |    24 |    55 |    29 ||   108
Block: Buckler           |    14 |    32 |     6 ||    52
